[Event "Titled Tuesday Blitz March 29 Late 2022"]
[White "Cremisi, Daniel"]
[Black "Indjic, Aleksandar"]
[WhiteFideId "2089882"]
[BlackFideId "911925"]
[WhiteElo "2172"]
[BlackElo "2616"]
[Result "0-1"]
[Round "01"]
[TimeControl "180+1"]
[Date "2022.03.29"]
[WhiteClock "0:02:09"]
[BlackClock "0:02:26"]

1. d4 Nf6 2. c4 c5 3. Nf3 e6 4. Nc3 cxd4 5. Nxd4 d5 6. cxd5 Nxd5 7. Bd2 Bc5 8. Nb3 Bb6 9. Nxd5 exd5 10. e3 Nc6 11. Bb5 O-O 12. O-O Qe7 13. Rc1 Ne5 14. Bc3 Rd8 15. Bd4 Bg4 16. Be2 Bxe2 17. Qe1 Bxf1 18. Qxf1 Bxd4 19. Nxd4 Rac8 20. Rd1 Nc6 21. Nb3 a6 0-1


[Site "https://www.chess.com"]

[Event "Titled Tuesday Blitz March 29 Late 2022"]
[White "Curtis, John"]
[Black "Zivkovic, Nemanja"]
[WhiteFideId "3200256"]
[BlackFideId "942154"]
[WhiteElo "2203"]
[BlackElo "2388"]
[Result "0-1"]
[Round "01"]
[TimeControl "180+1"]
[Date "2022.03.30"]
[WhiteClock "0:00:07"]
[BlackClock "0:00:32"]

1. e4 d6 2. Nf3 Nf6 3. Nc3 e5 4. d4 Nbd7 5. dxe5 dxe5 6. a3 Be7 7. Nd2 c6 8. Nc4 Qc7 9. Ne3 g6 10. Be2 O-O 11. O-O a6 12. Ng4 Nxg4 13. Bxg4 Nc5 14. Bxc8 Qxc8 15. Bh6 Re8 16. b4 Ne6 17. Ne2 Bg5 18. Bxg5 Nxg5 19. f3 Qe6 20. Qc1 Qf6 21. Qe3 Ne6 22. Rfd1 Rad8 23. c3 h5 24. h3 Kg7 25. a4 h4 26. a5 Rxd1+ 27. Rxd1 Rd8 28. Rxd8 Qxd8 29. f4 Qd1+ 30. Kh2 exf4 31. Nxf4 Qd6 32. e5 Qe7 33. Nxe6+ Qxe6 34. Qf4 Qe7 35. Kh1 c5 36. Kh2 cxb4 37. cxb4 Kg8 38. g3 hxg3+ 39. Kxg3 Qc7 40. h4 Qc3+ 41. Kg4 Qe1 42. Kg5 Qg1+ 43. Kf6 Qb1 44. e6 Qb2+ 45. Ke7 fxe6 0-1


[Site "https://www.chess.com"]

[Event "Titled Tuesday Blitz March 29 Late 2022"]
[White "Demchenko, Anton"]
[Black "Pourkashiyan, Atousa"]
[WhiteFideId "4160258"]
[BlackFideId "12502014"]
[WhiteElo "2539"]
[BlackElo "2247"]
[Result "1-0"]
[Round "01"]
[TimeControl "180+1"]
[Date "2022.03.29"]
[WhiteClock "0:00:07"]
[BlackClock "0:00:38"]

1. e4 e5 2. Nf3 Nf6 3. Nxe5 d6 4. Nf3 Nxe4 5. Qe2 Qe7 6. d3 Nf6 7. Bg5 Qxe2+ 8. Bxe2 Be7 9. Nc3 c6 10. O-O-O Na6 11. h3 Nc7 12. Bd2 Ne6 13. g4 h6 14. Rdg1 Bd7 15. h4 O-O-O 16. Bd1 h5 17. g5 Ng4 18. Rg2 d5 19. Ng1 Nd4 20. f3 Ne5 21. Nce2 Nexf3 22. Nxf3 Nxf3 23. Bf4 Bc5 24. c3 Rde8 25. d4 Bb6 26. Rg3 Bg4 27. Rg2 Bc7 28. Bxc7 Kxc7 29. Rf2 Re7 30. Nf4 Ne1 31. Kd2 Rhe8 32. Nxh5 Bxd1 33. Kxd1 Nd3 34. Rd2 Re1+ 35. Rxe1 Nxe1 36. Nxg7 Re4 37. Re2 Nf3 38. Rxe4 dxe4 39. Nf5 Kd7 40. Ke2 Ke6 41. Ng3 Kd5 42. h5 Nxg5 43. h6 Ke6 44. Ke3 f5 45. Nh5 Nh7 46. Ng7+ Kf6 47. Kf4 Kg6 48. Nxf5 Nf6 49. Ne3 Kxh6 50. Ng4+ Nxg4 51. Kxg4 Kg6 52. Kf4 Kf6 53. Kxe4 Ke6 54. c4 Kd6 55. d5 cxd5+ 56. cxd5 a5 57. a4 b6 58. Kd4 Kd7 59. Ke5 Ke7 60. d6+ Kd7 61. Kd5 1-0


[Site "https://www.chess.com"]

[Event "Titled Tuesday Blitz March 29 Late 2022"]
[White "Derraugh, Geordie"]
[Black "Fernandez, Daniel Howard"]
[WhiteFideId "2603950"]
[BlackFideId "5801605"]
[WhiteElo "2116"]
[BlackElo "2466"]
[Result "0-1"]
[Round "01"]
[TimeControl "180+1"]
[Date "2022.03.29"]
[WhiteClock "0:00:06"]
[BlackClock "0:00:28"]

1. e4 c5 2. c3 Nf6 3. e5 Nd5 4. d4 cxd4 5. Nf3 e6 6. cxd4 d6 7. Nc3 Nxc3 8. bxc3 Qc7 9. Bd2 Nd7 10. exd6 Bxd6 11. Bd3 b6 12. h3 Bb7 13. O-O O-O 14. Re1 Bf4 15. Rc1 Rac8 16. Qe2 Bxf3 17. gxf3 Bxd2 18. Qxd2 Nf6 19. Qg5 Nd5 20. Re4 Nxc3 21. Rg4 g6 22. Rc2 Qd8 23. Qh6 Qf6 24. h4 Nd5 25. h5 Qxf3 26. Rg3 Qd1+ 27. Kg2 Rxc2 28. hxg6 Rxf2+ 29. Kxf2 fxg6+ 30. Kg2 Nf4+ 31. Kh2 Qd2+ 32. Kh1 Qe1+ 33. Rg1 Qe3 34. Bxg6 Qh3+ 35. Qxh3 Nxh3 36. Rg3 Nf2+ 37. Kg2 hxg6 38. Rxg6+ Kf7 39. Rh6 Ke7 40. Rh7+ Kd6 41. Rxa7 Ng4 42. Kg3 Ne3 43. a4 Nc4 44. Rg7 Rf1 45. Kg2 Rd1 46. Kf3 Rxd4 47. Ke2 e5 48. Rg6+ Kc5 49. Rg8 Na5 50. Rc8+ Nc6 51. Re8 Rxa4 0-1


[Site "https://www.chess.com"]

[Event "Titled Tuesday Blitz March 29 Late 2022"]
[White "Diaz Perez, Michel Alejandro"]
[Black "Qashashvili, Alexandre"]
[WhiteFideId "3517179"]
[BlackFideId "13600842"]
[WhiteElo "2337"]
[BlackElo "2316"]
[Result "1-0"]
[Round "01"]
[TimeControl "180+1"]
[Date "2022.03.30"]
[WhiteClock "0:01:35"]
[BlackClock "0:00:02"]

1. e4 c6 2. d4 d5 3. exd5 cxd5 4. c4 Nf6 5. Nc3 Nc6 6. Bg5 e6 7. Nf3 Be7 8. Bd3 dxc4 9. Bxc4 O-O 10. O-O h6 11. Be3 Nd5 12. Qe2 Bf6 13. Rfd1 Nxe3 14. Qxe3 Re8 15. Ne5 Bd7 16. Rac1 Rc8 17. Bb3 Ne7 18. Ne4 Nd5 19. Qf3 Bc6 20. Bxd5 Bxd5 21. Rxc8 Qxc8 22. Nxf6+ gxf6 23. Qxf6 Qc7 24. Qxh6 Be4 25. Ng4 1-0


[Site "https://www.chess.com"]

[Event "Titled Tuesday Blitz March 29 Late 2022"]
[White "Dimakiling, Oliver"]
[Black "Nikologorsky, Matfei"]
[WhiteFideId "5202248"]
[BlackFideId "24102474"]
[WhiteElo "2426"]
[BlackElo "2231"]
[Result "1-0"]
[Round "01"]
[TimeControl "180+1"]
[Date "2022.03.30"]
[WhiteClock "0:01:02"]
[BlackClock "0:00:12"]

1. e4 c5 2. Nf3 e6 3. c4 a6 4. Nc3 Qc7 5. a3 Nf6 6. d4 cxd4 7. Nxd4 b6 8. Be3 Bb7 9. Bd3 d6 10. O-O Nbd7 11. Rc1 Be7 12. f3 O-O 13. Qd2 Rac8 14. Rfd1 Nc5 15. Bf1 e5 16. Nf5 Nb3 17. Nxe7+ Qxe7 18. Qxd6 Qxd6 19. Rxd6 Nxc1 20. Bxc1 Rc6 21. Rd1 Rfc8 22. Be3 Kf8 23. g4 h6 24. h4 Ke8 25. b4 Rxc4 26. Bxc4 Rxc4 27. Rd3 a5 28. Na4 axb4 29. Nxb6 Rc3 30. Rxc3 bxc3 31. Kf2 Nd7 32. Na4 c2 33. Ke2 Bc6 34. Nc3 Nb6 35. Kd3 Ba4 36. Nxa4 Nxa4 37. Kxc2 Kd7 38. Kb3 1-0


[Site "https://www.chess.com"]

[Event "Titled Tuesday Blitz March 29 Late 2022"]
[White "Dounis, Alexandros"]
[Black "Hess, Robert"]
[WhiteFideId "4213238"]
[BlackFideId "2022036"]
[WhiteElo "2204"]
[BlackElo "2557"]
[Result "1-0"]
[Round "01"]
[TimeControl "180+1"]
[Date "2022.03.29"]
[WhiteClock "0:00:08"]
[BlackClock "0:00:01"]

1. Nf3 g6 2. d4 Bg7 3. g3 d6 4. Bg2 Nd7 5. O-O e6 6. e4 Ne7 7. Nc3 h6 8. Re1 a6 9. a4 b6 10. Be3 Bb7 11. Qd2 g5 12. h4 g4 13. Nh2 h5 14. Bg5 f6 15. Be3 Ng6 16. Qd3 e5 17. Rad1 exd4 18. Bxd4 Nde5 19. Qe2 Qd7 20. Nd5 O-O 21. b3 Bxd5 22. exd5 f5 23. Qd2 f4 24. Be4 Qf7 25. c3 Rae8 26. Qc2 Re7 27. Rf1 Bh6 28. Rde1 Rfe8 29. Kh1 Rf8 30. Rg1 Qe8 31. gxf4 Bxf4 32. f3 Nf7 33. Bxg6 Be5 34. Bxe5 Rxe5 35. Qd2 Kg7 36. Bc2 Rxe1 37. Rxe1 Qd7 38. Qd4+ Ne5 39. f4 Qf5 40. Bxf5 1-0


[Site "https://www.chess.com"]

[Event "Titled Tuesday Blitz March 29 Late 2022"]
[White "Dubov, Daniil"]
[Black "Janaszak, Dawid"]
[WhiteFideId "24126055"]
[BlackFideId "1119206"]
[WhiteElo "2791"]
[BlackElo "2199"]
[Result "1-0"]
[Round "01"]
[TimeControl "180+1"]
[Date "2022.03.29"]
[WhiteClock "0:00:16"]
[BlackClock "0:00:02"]

1. d4 Nf6 2. Nf3 g6 3. c4 Bg7 4. Nc3 O-O 5. Bg5 c5 6. d5 h6 7. Bd2 e6 8. e4 exd5 9. exd5 Re8+ 10. Be2 d6 11. O-O Na6 12. Bd3 Nc7 13. a4 Bg4 14. h3 Bxf3 15. Qxf3 Nd7 16. Qd1 Ne5 17. Be2 f5 18. Re1 Qh4 19. b3 Nf7 20. Bf1 Bd4 21. Rxe8+ Rxe8 22. Be1 f4 23. Ra2 Ng5 24. Re2 f3 25. Rxe8+ Nxe8 26. Qd3 Kh7 27. Nb5 Nf6 28. Nxd4 cxd4 29. Bd2 fxg2 30. Bxg2 Nf7 31. Qg3 Qxg3 32. fxg3 Ne5 33. Kf2 Nd3+ 34. Ke2 Nc5 35. Bf4 Nxb3 36. Bxd6 b6 37. Kd3 Nc5+ 38. Kxd4 Nxa4 39. Be7 Nd7 40. d6 Nac5 41. Bc6 a5 42. Kd5 a4 43. Bxd7 Nxd7 44. Kc6 Ne5+ 45. Kb5 a3 46. Bf6 Nd7 47. Bd4 g5 48. Kc6 Nc5 49. Kxb6 Nb3 50. Bc3 1-0


[Site "https://www.chess.com"]

[Event "Titled Tuesday Blitz March 29 Late 2022"]
[White "Dylag, Emilia"]
[Black "Guz, Ari"]
[WhiteFideId "21805172"]
[BlackFideId "2825759"]
[WhiteElo "1932"]
[BlackElo "1913"]
[Result "0-1"]
[Round "01"]
[TimeControl "180+1"]
[Date "2022.03.30"]
[WhiteClock "0:00:18"]
[BlackClock "0:01:07"]

1. d4 Nf6 2. c4 g6 3. Nf3 Bg7 4. g3 c5 5. d5 b5 6. cxb5 a6 7. bxa6 Bxa6 8. Bg2 d6 9. O-O O-O 10. Nc3 Nbd7 11. a4 Qb6 12. Rb1 Rfb8 13. h3 Ne8 14. Bg5 Kf8 15. Nd2 Nc7 16. Qc2 Qb4 17. Rfc1 Ne5 18. f4 Nc4 19. Nxc4 Qxc4 20. f5 Be5 21. Bh6+ Kg8 22. fxg6 hxg6 23. Ne4 Qxc2 24. Rxc2 Rb4 25. Bd2 Rxa4 26. b3 Ra1 27. Rxa1 Bxa1 28. b4 Bd4+ 29. e3 Bd3 30. Rc1 Bb2 31. Rd1 c4 32. Nf2 Bc2 33. Re1 c3 34. Bc1 Ra1 35. Re2 Rxc1+ 36. Kh2 Bb3 37. Nd3 Rc2 38. Re1 Bxd5 39. Rg1 Rxg2+ 40. Rxg2 Bxg2 41. Kxg2 c2 0-1


[Site "https://www.chess.com"]

[Event "Titled Tuesday Blitz March 29 Late 2022"]
[White "Eames, Robert S"]
[Black "Harshavardhan G B"]
[WhiteFideId "408743"]
[BlackFideId "25059009"]
[WhiteElo "2105"]
[BlackElo "1831"]
[Result "0-1"]
[Round "01"]
[TimeControl "180+1"]
[Date "2022.03.30"]
[WhiteClock "0:00:01"]
[BlackClock "0:00:41"]

1. e4 c5 2. Nc3 Nc6 3. Bb5 Nd4 4. Nf3 e6 5. O-O a6 6. Bd3 b5 7. a4 b4 8. Nxd4 cxd4 9. Ne2 Bc5 10. b3 e5 11. f4 d6 12. Bc4 Nf6 13. d3 h6 14. fxe5 dxe5 15. Ng3 O-O 16. Nf5 Be6 17. Qf3 Nh7 18. Qg3 Bxf5 19. Rxf5 Kh8 20. Bd2 f6 21. Raf1 Qe7 22. Qh4 Ng5 23. Qg4 Bd6 24. h4 Ne6 25. Rh5 Nf4 26. Bxf4 exf4 27. Be6 Be5 28. Bf5 Qe8 29. Bg6 Qc8 30. Bf5 Qe8 31. Bg6 f5 32. exf5 Qe7 33. Re1 Qf6 34. Re4 Ra7 35. Qf3 Re7 36. Qe2 Rc8 37. Qg4 Rc5 38. Rg5 Rxc2 39. Rh5 Rc3 40. Rg5 Rxd3 41. Rxf4 Bxf4 42. Qxf4 Rd1+ 43. Kf2 Qb6 0-1


[Site "https://www.chess.com"]

[Event "Titled Tuesday Blitz March 29 Late 2022"]
[White "Ezat, Mohamed"]
[Black "Dahlgren, James Allen"]
[WhiteFideId "10600906"]
[BlackFideId "22256873"]
[WhiteElo "2386"]
[BlackElo "2144"]
[Result "1-0"]
[Round "01"]
[TimeControl "180+1"]
[Date "2022.03.30"]
[WhiteClock "0:01:11"]
[BlackClock "0:00:31"]

1. d4 e6 2. c4 c5 3. d5 Nf6 4. Nc3 g6 5. e4 d6 6. Nf3 Bg7 7. Be2 O-O 8. Bg5 h6 9. Bf4 e5 10. Be3 Ng4 11. Bd2 f5 12. h3 Nf6 13. Nh4 Kh7 14. Qc2 f4 15. Nf3 g5 16. h4 g4 17. Ng5+ hxg5 18. hxg5+ Kg6 19. gxf6 Kxf6 20. O-O-O Na6 21. g3 f3 22. Bd3 Nb4 23. Qb1 Bd7 24. a3 Na6 25. Rh5 Rh8 26. Bg5+ Kg6 27. Bxd8 Rxh5 28. Be7 Rh2 29. Rf1 Bh6+ 30. Kd1 Rh8 31. Bxd6 1-0


[Site "https://www.chess.com"]

[Event "Titled Tuesday Blitz March 29 Late 2022"]
[White "Fathy, Elameir"]
[Black "Jaracz, Pawel"]
[WhiteFideId "10600396"]
[BlackFideId "1102222"]
[WhiteElo "2311"]
[BlackElo "2429"]
[Result "0-1"]
[Round "01"]
[TimeControl "180+1"]
[Date "2022.03.30"]
[WhiteClock "0:00:05"]
[BlackClock "0:00:15"]

1. d4 Nf6 2. c4 g6 3. Nc3 d5 4. cxd5 Nxd5 5. Bd2 Nb6 6. Nf3 Bg7 7. e3 O-O 8. h4 Bg4 9. Be2 N8d7 10. a4 c5 11. a5 Nc8 12. Ng5 cxd4 13. exd4 Bxe2 14. Nxe2 Nf6 15. O-O Nd6 16. Qb3 Qd7 17. Nc3 Nf5 18. Nf3 Ng4 19. d5 Rad8 20. Rad1 Ne5 21. Nxe5 Bxe5 22. Rfe1 Bb8 23. g3 Nxh4 24. gxh4 Qg4+ 25. Kf1 Qh3+ 26. Ke2 Rd6 27. Be3 Rf6 28. Ne4 Qf3+ 29. Kd3 Rf5 30. Nc3 Bf4 31. Re2 Rc8 32. Qxb7 Rd8 33. Qxe7 Rfxd5+ 34. Nxd5 Qxd5+ 35. Kc2 Qxd1+ 36. Kc3 Rc8+ 37. Kb4 Qxe2 38. Qd7 Qc4+ 39. Ka3 Bxe3 40. fxe3 Qc5+ 41. b4 Qxe3+ 42. Ka4 Qe8 43. Qxe8+ Rxe8 44. b5 Re4+ 45. Kb3 Rxh4 46. b6 axb6 47. a6 Rh5 48. Kb4 0-1


[Site "https://www.chess.com"]

[Event "Titled Tuesday Blitz March 29 Late 2022"]
[White "Fedoseev, Vladimir"]
[Black "Chernobay, Artem"]
[WhiteFideId "24130737"]
[BlackFideId "4167406"]
[WhiteElo "2726"]
[BlackElo "2473"]
[Result "1-0"]
[Round "01"]
[TimeControl "180+1"]
[Date "2022.03.29"]
[WhiteClock "0:00:09"]
[BlackClock "0:00:01"]

1. e4 c5 2. Nf3 d6 3. c3 Nf6 4. Bd3 g6 5. Bc2 Bg7 6. d4 O-O 7. dxc5 dxc5 8. Qxd8 Rxd8 9. h3 b6 10. Bf4 Ba6 11. Nbd2 Nc6 12. O-O-O Nd7 13. Kb1 Nde5 14. Nxe5 Nxe5 15. Be3 Rd7 16. f4 Nd3 17. Ba4 b5 18. Bc2 b4 19. e5 bxc3 20. bxc3 Bh6 21. Nb3 Rb8 22. Bxd3 Bxd3+ 23. Ka1 c4 24. Nc5 Rd5 25. g3 e6 26. Na6 Rbb5 27. Nc7 Bf8 28. Nxb5 Rxb5 29. Rd2 Ba3 30. Bxa7 Kf8 31. Rhd1 h6 32. Be3 h5 33. Rf2 Ke7 34. g4 hxg4 35. hxg4 Rb8 36. Rh2 Rb7 37. Bd4 Kd7 38. Be3 Kc6 39. Rhd2 Kd5 40. Rf2 Ke4 41. Bd4 Kd5 42. Re1 Kc6 43. Be3 Rb8 44. Rd2 Rh8 45. Rf2 Kd5 46. Bc1 Rh3 47. Bxa3 1-0


[Site "https://www.chess.com"]

[Event "Titled Tuesday Blitz March 29 Late 2022"]
[White "Fiol, Fabrice"]
[Black "Hambleton, Aman"]
[WhiteFideId "611670"]
[BlackFideId "2606577"]
[WhiteElo "2401"]
[BlackElo "2552"]
[Result "0-1"]
[Round "01"]
[TimeControl "180+1"]
[Date "2022.03.30"]
[WhiteClock "0:00:22"]
[BlackClock "0:00:07"]

1. e4 c5 2. Nf3 e6 3. d4 cxd4 4. Nxd4 Nc6 5. Nc3 Qc7 6. Be3 a6 7. Bd3 Na5 8. Qe2 b5 9. O-O Bb7 10. Rad1 Rc8 11. f4 Nc4 12. Bxc4 Qxc4 13. Qd3 Nf6 14. e5 Qxd3 15. Rxd3 Nd5 16. Ne4 Nb4 17. Nd6+ Bxd6 18. exd6 Nxd3 19. cxd3 Bd5 20. a3 f6 21. h3 h5 22. Re1 Kf7 23. Kf2 Rb8 24. b4 Rhc8 25. g4 hxg4 26. hxg4 Rc3 27. g5 Rh8 28. gxf6 gxf6 29. Rg1 Rh2+ 30. Kg3 Rh5 31. Kg4 Rh8 32. f5 Rg8+ 33. Kf4 e5# 0-1


[Site "https://www.chess.com"]

[Event "Titled Tuesday Blitz March 29 Late 2022"]
[White "Fishbein, Alexander"]
[Black "Melaugh, Shane"]
[WhiteFideId "2000377"]
[BlackFideId "2509580"]
[WhiteElo "2442"]
[BlackElo "2014"]
[Result "0-1"]
[Round "01"]
[TimeControl "180+1"]
[Date "2022.03.30"]
[WhiteClock "0:00:15"]
[BlackClock "0:00:31"]

1. e4 e6 2. d4 d5 3. exd5 exd5 4. Nf3 Bd6 5. c4 c6 6. Nc3 Ne7 7. Bd3 Bg4 8. O-O h6 9. cxd5 cxd5 10. h3 Bh5 11. g4 Bg6 12. Bxg6 fxg6 13. Qb3 Nbc6 14. Re1 O-O 15. Nxd5 Kh7 16. Nxe7 Nxe7 17. Ne5 Nc6 18. Nxc6 bxc6 19. Be3 Qf6 20. Qd1 Rae8 21. Rf1 Bb8 22. Qd3 Qf3 23. Rfe1 Qxh3 24. f4 Bxf4 25. Bxf4 Qxd3 0-1


[Site "https://www.chess.com"]

[Event "Titled Tuesday Blitz March 29 Late 2022"]
[White "Garagulya, Konstantin"]
[Black "Belous, Vladimir"]
[WhiteFideId "4128931"]
[BlackFideId "4174003"]
[WhiteElo "2329"]
[BlackElo "2534"]
[Result "0-1"]
[Round "01"]
[TimeControl "180+1"]
[Date "2022.03.29"]
[WhiteClock "0:00:33"]
[BlackClock "0:01:14"]

1. d4 Nf6 2. Nf3 g6 3. Nc3 d6 4. e4 a6 5. a4 Bg7 6. Bc4 O-O 7. e5 dxe5 8. Nxe5 Nbd7 9. Nxd7 Bxd7 10. O-O Bg4 11. f3 Bf5 12. Re1 Qd6 13. Be3 Rad8 14. Qe2 e5 15. Rad1 e4 16. Nxe4 Nxe4 17. fxe4 Bxe4 18. Bg5 Rde8 19. c3 h6 20. Bh4 Kh7 21. Bg3 Qc6 22. d5 Qxa4 23. Bxc7 Bxd5 24. Qxe8 Rxe8 25. Bxd5 Rxe1+ 26. Rxe1 Qd7 0-1


[Site "https://www.chess.com"]

[Event "Titled Tuesday Blitz March 29 Late 2022"]
[White "Gatterer, Florian"]
[Black "Papasimakopoulos, Alexandros"]
[WhiteFideId "811688"]
[BlackFideId "4244125"]
[WhiteElo "2218"]
[BlackElo "2340"]
[Result "0-1"]
[Round "01"]
[TimeControl "180+1"]
[Date "2022.03.30"]
[WhiteClock "0:00:06"]
[BlackClock "0:00:21"]

1. d4 e6 2. Nf3 Nf6 3. g3 b5 4. Bg2 Bb7 5. O-O c5 6. a4 b4 7. Bg5 Na6 8. c3 Be7 9. dxc5 bxc3 10. Nxc3 Nxc5 11. Nb5 Nce4 12. Bf4 O-O 13. Nd6 Nxd6 14. Bxd6 Bxd6 15. Qxd6 Ne4 16. Qd4 d5 17. Ne5 Nd6 18. Rfc1 a5 19. Nc6 Qe8 20. Ne5 Qd8 21. Nc6 Bxc6 22. Rxc6 Rb8 23. e4 Nxe4 24. Bxe4 dxe4 25. Rd6 Qf6 26. Qxf6 gxf6 27. Rb1 Rb4 28. b3 Rfb8 29. Ra6 Rxb3 30. Rxb3 Rxb3 31. Rxa5 Rb2 32. Ra7 Ra2 33. a5 f5 34. a6 Kg7 35. Ra8 Kf6 36. h4 e5 37. a7 h5 38. Kf1 f4 39. gxf4 exf4 40. Kg1 Kf5 41. Kh1 e3 42. fxe3 fxe3 43. Re8 Rxa7 44. Rxe3 Ra4 45. Rh3 Kg4 46. Rd3 Rf4 47. Kg2 Kxh4 48. Rd6 Kg4 49. Rd7 h4 50. Rd8 h3+ 51. Kh2 Rf2+ 52. Kg1 Rg2+ 53. Kh1 Rg3 54. Rd4+ Kg5 55. Rd5+ f5 56. Rd8 f4 57. Rg8+ Kf5 58. Rf8+ Kg4 59. Rg8+ Kf3 60. Ra8 Rg7 61. Ra3+ Kg4 62. Ra4 Rb7 63. Ra1 f3 64. Rg1+ Kf4 65. Ra1 f2 66. Ra4+ Kg5 67. Ra1 Rf7 68. Rf1 Kg4 69. Kh2 Kf3 70. Kh1 Ke2 71. Rc1 f1=Q+ 72. Rxf1 Rxf1+ 73. Kh2 Rf3 74. Kg1 Ke3 75. Kh2 Kf4 76. Kg1 Kg3 77. Kh1 Rf1# 0-1


[Site "https://www.chess.com"]

[Event "Titled Tuesday Blitz March 29 Late 2022"]
[White "Gledura, Benjamin"]
[Black "Federzoni, Enzo"]
[WhiteFideId "712779"]
[BlackFideId "2173301"]
[WhiteElo "2326"]
[BlackElo "1956"]
[Result "1-0"]
[Round "01"]
[TimeControl "180+1"]
[Date "2022.03.30"]
[WhiteClock "0:02:45"]
[BlackClock "0:01:36"]

1. Nf3 c5 2. e4 d6 3. d4 cxd4 4. Nxd4 Nf6 5. Nc3 a6 6. g3 e5 7. Nf3 Be7 8. Nh4 O-O 9. Nf5 Bxf5 10. exf5 d5 11. Bg2 d4 12. Ne4 Nxe4 13. Bxe4 Bb4+ 14. Bd2 Bxd2+ 15. Qxd2 Nc6 16. O-O Qb6 17. f6 Qb4 18. Qg5 g6 19. Qh6 1-0


[Site "https://www.chess.com"]

[Event "Titled Tuesday Blitz March 29 Late 2022"]
[White "Godzwon, Iwo"]
[Black "Sarana, Alexey"]
[WhiteFideId "21802483"]
[BlackFideId "24133795"]
[WhiteElo "2201"]
[BlackElo "2666"]
[Result "0-1"]
[Round "01"]
[TimeControl "180+1"]
[Date "2022.03.29"]
[WhiteClock "0:01:11"]
[BlackClock "0:01:25"]

1. e4 c5 2. Nf3 d6 3. d4 cxd4 4. Nxd4 Nf6 5. Nc3 a6 6. Bg5 e6 7. f4 Nbd7 8. Qf3 Qc7 9. O-O-O b5 10. Bd3 Bb7 11. Rhe1 Be7 12. g4 b4 13. Nce2 h6 14. Bh4 g5 15. fxg5 Ne5 16. Qg3 hxg5 17. Bxg5 Nxe4 18. Bxe4 Bxg5+ 19. Nf4 Bxe4 20. Rxe4 d5 21. Rxe5 Qxe5 22. Ne2 Qxe2 0-1


[Site "https://www.chess.com"]

[Event "Titled Tuesday Blitz March 29 Late 2022"]
[White "Golubev, Mikhail"]
[Black "Dreev, Aleksey"]
[WhiteFideId "14100983"]
[BlackFideId "4100107"]
[WhiteElo "2374"]
[BlackElo "2625"]
[Result "0-1"]
[Round "01"]
[TimeControl "180+1"]
[Date "2022.03.29"]
[WhiteClock "0:00:06"]
[BlackClock "0:00:13"]

1. e4 c5 2. Nf3 e6 3. d4 cxd4 4. Nxd4 Nf6 5. Nc3 Nc6 6. Ndb5 Bc5 7. Bf4 O-O 8. Bc7 Qe7 9. Bd6 Bxd6 10. Qxd6 Qd8 11. O-O-O a6 12. Nd4 Ne7 13. h4 b5 14. h5 Ne8 15. Qg3 h6 16. e5 Bb7 17. Bd3 Rc8 18. Ne4 Qa5 19. Kb1 Bd5 20. Nf6+ Kh8 21. Nxd5 Nxd5 22. Nb3 Qc7 23. Be4 Ne7 24. Qh4 f6 25. exf6 Nxf6 26. Bd3 Ned5 27. Rh2 a5 28. Rh3 a4 29. Nd4 b4 30. Nb5 Qc5 31. Qg3 a3 32. Qg6 axb2 33. Rf3 Ne7 34. Qg3 Nfd5 0-1


[Site "https://www.chess.com"]

[Event "Titled Tuesday Blitz March 29 Late 2022"]
[White "Goryachkina, Aleksandra"]
[Black "Kozina, Anastasia"]
[WhiteFideId "4147103"]
[BlackFideId "24174017"]
[WhiteElo "2426"]
[BlackElo "1993"]
[Result "1-0"]
[Round "01"]
[TimeControl "180+1"]
[Date "2022.03.30"]
[WhiteClock "0:00:05"]
[BlackClock "0:00:01"]

1. e4 e6 2. d4 d5 3. Nd2 c5 4. exd5 exd5 5. Bb5+ Nc6 6. Ngf3 Nf6 7. O-O Be7 8. dxc5 O-O 9. c3 Bxc5 10. Nb3 Bd6 11. Bg5 Be6 12. Re1 a6 13. Bf1 h6 14. Bh4 Be7 15. Nfd4 Ne4 16. Bxe7 Qxe7 17. Bd3 Nf6 18. Qf3 Qd6 19. h3 Rad8 20. Rad1 Ne5 21. Qg3 Nxd3 22. Qxd3 Rfe8 23. Re3 Ne4 24. Rde1 Bc8 25. Qe2 Bd7 26. Nd2 Nc5 27. Qf3 Rxe3 28. Rxe3 Na4 29. b3 Nc5 30. Qh5 Be6 31. Rg3 Qf4 32. Re3 Ne4 33. Nxe4 dxe4 34. Nxe6 fxe6 35. Qe2 Kh7 36. Rxe4 Qg5 37. Rxe6 Qc1+ 38. Kh2 Qxc3 39. Qe4+ Kg8 40. Qxb7 Qd2 41. Qe7 Qf4+ 42. Kg1 Rd1+ 43. Re1 Rxe1+ 44. Qxe1 Qd4 45. Qe8+ Kh7 46. Qe2 Qa1+ 47. Kh2 Qd4 48. g3 Qd5 49. Qc2+ Kg8 50. h4 Kf8 51. Qc8+ Ke7 52. Qxa6 Kf7 53. Qa7+ Kf6 54. Qe3 1-0


[Site "https://www.chess.com"]

[Event "Titled Tuesday Blitz March 29 Late 2022"]
[White "Gurevich, Dmitry"]
[Black "Meza, Anahi"]
[WhiteFideId "2000407"]
[BlackFideId "111325"]
[WhiteElo "2506"]
[BlackElo "1968"]
[Result "1-0"]
[Round "01"]
[TimeControl "180+1"]
[Date "2022.03.30"]
[WhiteClock "0:01:12"]
[BlackClock "0:00:09"]

1. d4 Nf6 2. c4 g6 3. Nc3 Bg7 4. e4 O-O 5. Nf3 d6 6. Be2 Nbd7 7. O-O e5 8. Be3 a5 9. Qc2 exd4 10. Nxd4 Nc5 11. f3 Re8 12. Rad1 Bd7 13. Ndb5 Nh5 14. Nd5 c6 15. Nxd6 cxd5 16. Nxe8 Qxe8 17. Bxc5 dxe4 18. f4 Rc8 19. Be3 a4 20. Bxh5 gxh5 21. h3 Qe6 22. b3 Bc6 23. Qd2 Qg6 24. Qf2 axb3 25. axb3 Ra8 26. Rd2 h6 27. f5 Qf6 28. Bd4 Qg5 29. Be3 Qf6 30. Rfd1 Kh7 31. Rd6 Qc3 32. f6 Bf8 33. Rd8 Rxd8 34. Rxd8 Bb4 35. Qf5# 1-0


[Site "https://www.chess.com"]

[Event "Titled Tuesday Blitz March 29 Late 2022"]
[White "Hakobyan, Aram"]
[Black "Martin Duque, Jesus"]
[WhiteFideId "13306677"]
[BlackFideId "2208954"]
[WhiteElo "2557"]
[BlackElo "2243"]
[Result "1-0"]
[Round "01"]
[TimeControl "180+1"]
[Date "2022.03.29"]
[WhiteClock "0:01:19"]
[BlackClock "0:01:19"]

1. d4 Nf6 2. c4 b6 3. Nc3 Bb7 4. Qc2 d5 5. cxd5 Nxd5 6. e4 Nxc3 7. bxc3 e5 8. Bb5+ c6 9. Bc4 exd4 10. Nf3 b5 11. Bd3 dxc3 12. Qxc3 Na6 13. O-O Nc5 14. Bc2 Ne6 15. Rd1 Qb6 16. Bb3 Nc5 17. Be3 b4 18. Qe5+ Be7 19. Ng5 O-O 20. Qxe7 1-0


[Site "https://www.chess.com"]

[Event "Titled Tuesday Blitz March 29 Late 2022"]
[White "Hardaway, Brewington"]
[Black "Vifleemskaia, Svetlana"]
[WhiteFideId "30941849"]
[BlackFideId "4129490"]
[WhiteElo "1768"]
[BlackElo "1901"]
[Result "1-0"]
[Round "01"]
[TimeControl "180+1"]
[Date "2022.03.30"]
[WhiteClock "0:00:54"]
[BlackClock "0:01:17"]

1. Nf3 Nf6 2. e3 g6 3. d4 Bg7 4. Bd3 O-O 5. c4 d6 6. Nc3 Nbd7 7. h3 e5 8. d5 Re8 9. e4 Nc5 10. Bg5 h6 11. Bh4 g5 12. Bg3 Nh5 13. Bh2 Nf4 14. Bf1 f5 15. Nd2 Nfd3+ 16. Bxd3 Nxd3+ 17. Kf1 Nf4 18. exf5 Bxf5 19. Nde4 Rf8 20. h4 Qd7 21. hxg5 hxg5 22. Bg3 Bg4 23. Qd2 Qe7 24. Kg1 a5 25. f3 Ng6 26. fxg4 Nf4 27. Qc2 c6 28. Nf2 cxd5 29. Qh7+ Kf7 30. Bxf4 exf4 31. Nxd5 Qe5 32. Qf5+ Qxf5 33. gxf5 Bxb2 34. Rb1 Bd4 35. Rxb7+ Kg8 36. Ne7+ Kf7 37. Nc6+ 1-0


[Site "https://www.chess.com"]